 Dungeon Crawl Stone Soup version 0.21-a0-314-gb3271ec (webtiles) character file.

90 vatarom the Charmwright (level 4, 0/38 HPs)
             Began as a Gnoll Skald on Sept 29, 2017.
             Slain by kae's ghost (1 damage)
             ... on level 3 of the Dungeon.
             The game lasted 00:05:08 (1975 turns).

vatarom the Charmwright (Gnoll Skald)               Turns: 1975, Time: 00:05:09

Health: 0/38       AC:  3    Str: 15    XL:     4   Next: 56%
Magic:  1/11       EV: 13    Int: 15    God:
Gold:   113        SH:  6    Dex: 14    Spells: 2/13 levels left

rFire    . . .     SeeInvis .   a - +0 falchion
rCold    . . .     Gourm    +   h - +2 buckler
rNeg     . . .     Faith    .   b - +0 leather armour
rPois    .         Spirit   .   (no helmet)
rElec    .         Reflect  .   (no cloak)
rCorr    .         Harm     .   (no gloves)
MR       .....                  (no boots)
Stlth    ++........             k - amulet of the gourmand
HPRegen  0.12/turn              (no ring)
MPRegen  0.12/turn              (no ring)

@: infused
A: distributed training, fangs 1, strong nose
a: no special abilities


You were on level 3 of the Dungeon.
You were not hungry.

You visited 1 branch of the dungeon, and saw 3 of its levels.

You collected 113 gold pieces.

Inventory:

Hand Weapons
 a - a +0 falchion (weapon)
Missiles
 f - 7 needles of confusion
Armour
 b - a +0 leather armour (worn)
 h - a +2 buckler (worn)
Jewellery
 k - an amulet of the gourmand (around neck)
Potions
 j - a potion of brilliance
Books
 c - a book of Battle

   Spells                             Type                      Level
   a - Infusion                       Charms                       1
   b - Shroud of Golubria             Charms/Translocation         2
   c - Song of Slaying                Charms                       2
   d - Spectral Weapon                Hexes/Charms                 3
   e - Regeneration                   Charms/Necromancy            3
Comestibles
 d - a bread ration


   Skills:
 + Level 4.5 Fighting
 + Level 0.0 Short Blades
 + Level 4.4 Long Blades
 + Level 0.0 Axes
 + Level 0.8 Maces & Flails
 + Level 0.0 Polearms
 + Level 1.3 Staves
 + Level 1.7 Slings
 + Level 0.8 Bows
 + Level 0.8 Crossbows
 + Level 2.0 Throwing
 + Level 2.6 Armour
 + Level 5.0 Dodging
 + Level 1.3 Stealth
   Level 0.0 Stabbing
 + Level 0.8 Shields
   Level 0.0 Traps
 + Level 0.0 Unarmed Combat
 + Level 5.0 Spellcasting
 + Level 2.0 Conjurations
 + Level 0.8 Hexes
 + Level 6.5 Charms
 + Level 2.0 Summonings
 + Level 1.3 Necromancy
 + Level 2.0 Translocations
 + Level 1.3 Transmutations
 + Level 1.3 Fire Magic
 + Level 0.0 Ice Magic
 + Level 1.3 Air Magic
 + Level 0.0 Earth Magic
 + Level 1.3 Poison Magic
 + Level 1.7 Invocations
 + Level 0.0 Evocations


You had 2 spell levels left.
You knew the following spells:

 Your Spells              Type           Power        Failure   Level  Hunger
a - Infusion              Chrm           ###.         1%          1    None
b - Song of Slaying       Chrm           ###.....     3%          2    ##.....
c - Spectral Weapon       Hex/Chrm       ##......     21%         3    ###....
d - Shroud of Golubria    Chrm/Tloc      ###.......   8%          2    ##.....
e - Regeneration          Chrm/Necr      ###.......   19%         3    ###....


Dungeon Overview and Level Annotations

Branches:
Dungeon (3/15)

Altars:
Ru

Annotations:
D:3 kae's ghost, amateur GnSk


Innate Abilities, Weirdness & Mutations

Your experience applies equally to all skills.
You have very sharp teeth.
Your uncanny sense of smell can sniff out nearby items.


Message History

Kae's ghost's shroud bends your attack away.
Casting: Shroud of Golubria
Confirm with . or Enter, or press ? or * to list all spells.
Okay, then.
You closely miss kae's ghost.
Kae's ghost is almost destroyed.
Kae's ghost hits you.
* * * LOW HITPOINT WARNING * * *
Press: ? - help, v - describe, . - travel
Here: kae's ghost (almost destroyed, shrouded)
The floor.
Kae's ghost's shroud bends your attack away.
Kae's ghost misses you.
You hit kae's ghost. You bite kae's ghost, but do no damage.
Kae's ghost is almost destroyed.
Kae's ghost barely misses you.
You closely miss kae's ghost.
Kae's ghost is almost destroyed.
Kae's ghost hits you.
You die...

#.. ∆ #..# ∆
#..# #..# ####
#..# #.@# #..#
#W##
#..#########.#
∆
#............#
###.###########
#...# ### #.###
#.# #.# #.# #.#
#.#


You could see kae's ghost.

Vanquished Creatures
  Robin (D:3)
  An ooze (D:1)
  2 worms (D:2)
  A dart slug (D:1)
  A ball python (D:1)
  3 giant cockroaches
  15 goblins
  12 hobgoblins
  3 jackals (D:1)
  8 kobolds
  4 bats
  3 frilled lizards
  7 rats
61 creatures vanquished.

Notes
Turn   | Place    | Note
-------+----------+-------------------------------------------
     0 | D:1      | vatarom the Gnoll Skald began the quest for the Orb.
     0 | D:1      | Reached XP level 1. HP: 20/20 MP: 6/6
    62 | D:1      | Reached skill level 1 in Summonings
    62 | D:1      | Reached XP level 2. HP: 26/26 MP: 4/7
    84 | D:1      | Reached skill level 1 in Throwing
   126 | D:1      | Learned a level 2 spell: Song of Slaying
   129 | D:1      | Reached skill level 1 in Conjurations
   309 | D:1      | Reached XP level 3. HP: 31/31 MP: 3/9
   392 | D:1      | Reached skill level 1 in Slings
   397 | D:1      | Learned a level 3 spell: Spectral Weapon
   400 | D:1      | Learned a level 2 spell: Shroud of Golubria
   404 | D:1      | Learned a level 3 spell: Regeneration
   515 | D:1      | Reached skill level 1 in Necromancy
   586 | D:1      | Reached skill level 1 in Staves
   620 | D:1      | Reached skill level 1 in Translocations
   925 | D:2      | Reached skill level 5 in Spellcasting
   976 | D:2      | Reached skill level 1 in Transmutations
  1046 | D:2      | Reached skill level 1 in Fire Magic
  1350 | D:2      | Reached XP level 4. HP: 38/38 MP: 11/11
  1445 | D:2      | Found a sacrificial altar of Ru.
  1714 | D:3      | Reached skill level 1 in Invocations
  1724 | D:3      | Noticed Robin
  1727 | D:3      | Reached skill level 1 in Air Magic
  1756 | D:3      | Killed Robin
  1756 | D:3      | Reached skill level 5 in Dodging
  1764 | D:3      | Reached skill level 1 in Stealth
  1892 | D:3      | Reached skill level 1 in Poison Magic
  1927 | D:3      | Noticed kae's ghost (amateur GnSk)
  1972 | D:3      | HP: 1/38 [kae's ghost (5)]
  1975 | D:3      | Slain by kae's ghost

Vault maps used:
D:1:      kennysheep_arrival_seaside, minmay_misc_feat_roman
D:2:      nicolae_ru_the_path_less_chosen, first_bread
D:3:      grunt_ministairs_2, uniq_robin, uniq_crazy_yiuf_cottage

Skill      XL: |  1  2  3  4 |
---------------+-------------+-----
Summonings     | 1 2 |  2.0
Throwing       | 1 2 |  2.0
Conjurations   | 1 2 |  2.0
Slings         | 1 |  1.7
Necromancy     | 1 |  1.3
Staves         | 1 |  1.3
Translocations | 1 2 |  2.0
Spellcasting   | 5 |  5.0
Transmutations | 1 |  1.3
Fire Magic     | 1 |  1.3
Invocations    | 1 |  1.7
Air Magic      | 1 |  1.3
Dodging        | 5 |  5.0
Stealth        | 1 |  1.3
Poison Magic   | 1 |  1.3
Fighting       | |  4.5
Long Blades    | |  4.4
Maces & Flails | |  0.8
Bows           | |  0.8
Crossbows      | |  0.8
Armour         | |  2.6
Shields        | |  0.8
Hexes          | |  0.8
Charms         | |  6.5

Action                   |  1- 3 |  4- 6 || total
-------------------------+-------+-------++-------
Melee: Falchion          |   103 |    92 ||   195
       Bite              |    12 |     5 ||    17
 Cast: Infusion          |     3 |     1 ||     4
       Song of Slaying   |     4 |     1 ||     5
       Spectral Weapon   |     2 |     2 ||     4
       Regeneration      |       |     2 ||     2
       Shroud of Golubri |       |     2 ||     2
  Use: Scroll            |     2 |     1 ||     3
       Potion            |       |     4 ||     4
 Stab: Sleeping          |     3 |     1 ||     4
  Eat: Bread ration      |     1 |       ||     1
       Chunk             |       |     4 ||     4
Armor: Leather armour    |    22 |    22 ||    44
       Skin              |       |    66 ||    66
Dodge: Dodged            |    93 |    54 ||   147
Block: Buckler           |     8 |    42 ||    50
       Rpst.: Falchion   |    32 |    13 ||    45

Table legend:
 A = Spawn XP
 B = Non-spawn XP
 C = Spawn XP percentage of total XP
 D = Spawn monster count
 E = Non-spawn monster count
 F = Spawn count percentage of total count
 G = Total turns spent on level
                    A         B        C        D         E        F      G
               +---------+---------+-------+---------+---------+-------+---------
         Total |       0 |     129 |   0.0 |       0 |      61 |   0.0 |  1975
               +---------+---------+-------+---------+---------+-------+---------
           D:1 |       0 |      59 |   0.0 |       0 |      30 |   0.0 |   867
           D:2 |       0 |      25 |   0.0 |       0 |      12 |   0.0 |   840
           D:3 |       0 |      45 |   0.0 |       0 |      19 |   0.0 |   268
               +---------+---------+-------+---------+---------+-------+---------
